 Dungeon Crawl Stone Soup version 0.30-a0-591-g3c58d2bc28 (webtiles) character file.

Game seed: 8375745237063830832

115 Newt the Trooper (level 4, 0/37 HPs)
             Began as a Demonspawn Gladiator on Jan 5, 2023.
             Was a Believer of Dithmenos.
             Killed from afar by an orc wizard (9 damage)
             ... with a puff of flame
             ... on level 3 of the Dungeon.
             The game lasted 00:04:26 (2776 turns).

Newt the Trooper (Demonspawn Gladiator)             Turns: 2776, Time: 00:04:27

Health: 0/37       AC:  8    Str: 17    XL:     4   Next: 68%
Magic:  0/4        EV: 16    Int:  9    God:    Dithmenos [**....]
Gold:   83         SH:  3    Dex: 14    Spells: 3/3 levels left

rFire   . . .      SeeInvis .    a - +0 rapier
rCold   . . .      Faith    .    q - +0 buckler
rNeg    . . .      Spirit   +    b - +0 leather armour
rPois   .          Reflect  .    c - +0 helmet
rElec   .          Harm     .    (no cloak)
rCorr   .          Rampage  .    (no gloves)
Will    .....                    (no boots)
Stlth   ++                       k - amulet of guardian spirit
HPRegen 0.26/turn                t - +5 ring of evasion
MPRegen 0.09/turn                s - +4 ring of protection

@: wreathed by umbra
A: ignite blood 1
a: Renounce Religion, Shadow Step


You were on level 3 of the Dungeon.
You worshipped Dithmenos.
Dithmenos was pleased with you.
You visited 1 branch of the dungeon, and saw 3 of its levels.

You collected 83 gold pieces.

Inventory:

Hand Weapons
 a - a +0 rapier (weapon)
Missiles
 d - 2 throwing nets (quivered)
 e - a javelin
 r - 2 curare-tipped darts
Armour
 b - a +0 leather armour (worn)
 c - a +0 helmet (worn)
 q - a +0 buckler (worn)
Jewellery
 g - a ring of resist corrosion
 k - an amulet of guardian spirit (around neck)
 s - a +4 ring of protection (right hand)
 t - a +5 ring of evasion (left hand)
Scrolls
 l - 2 scrolls of identify
 m - a scroll of fog
 n - 2 scrolls of poison
 o - a scroll of brand weapon
 p - a scroll of noise
Potions
 f - a potion of resistance {unknown}
 h - a potion of curing
 i - a potion of berserk rage
 u - a potion of heal wounds {unknown}


   Skills:
 - Level 4.0 Fighting
 - Level 2.6 Short Blades
 - Level 1.7 Throwing
 - Level 2.6 Dodging
 + Level 2.7 Stealth


You had 3 spell levels left.
You didn't know any spells.
Your spell library contained the following spells:

 Spells                   Type           Power      Damage    Failure   Level
 Gell's Gravitas          Tloc           0%         N/A       90%         3
 Lesser Beckoning         Tloc           0%         N/A       90%         3
 Portal Projectile        Hex/Tloc       0%         N/A       90%         3
 Teleport Other           Tloc           0%         N/A       90%         3
 Tukima's Dance           Hex            0%         N/A       90%         3
 Blade Hands              Tmut           0%         N/A       100%        5


Dungeon Overview and Level Annotations

Branches:
Dungeon (3/15)

Altars:
Cheibriados
Dithmenos


Innate Abilities, Weirdness & Mutations

Your demonic aura sometimes causes spilled blood to erupt in flames.


Message History

You closely miss the orc.
The orc is almost dead.
Something hits you but does no damage. The orc closely misses you.
You hit the orc but do no damage.
The orc is severely wounded.
Something hits you but does no damage. The orc hits you with a +0 flail.
* * * LOW HITPOINT WARNING * * *
You hit the orc but do no damage.
The orc is severely wounded.
Something hits you but does no damage. The orc hits you but does no damage.
You hit the orc.
You kill the orc!
Dithmenos accepts your kill.
You hear some strange, mumbled words.
A magic dart appears from out of thin air!
The magic dart hits you.
* * * LOW HITPOINT WARNING * * *
Unknown command.
Something hits you but does no damage. Something hits you.
* * * LOW HITPOINT WARNING * * *
Something barely misses you.
You hear some strange, mumbled words.
You are confused.
You're too confused to move!
You hear some strange, mumbled words.
Something tries to affect you, but you resist.
You bump into the rock wall.
Something hits you but does no damage.
An endoplasm comes into view.
You bump into the rock wall.
The endoplasm quivers.
You hear some strange, mumbled words.
Something tries to affect you, but you resist.
You bump into the rock wall.
Something hits you but does no damage.
You bump into the rock wall.
You feel less confused.
You hear some strange, mumbled words.
A puff of flame appears from out of thin air!
The puff of flame hits you!
You die...

#. ##.#
##.###### #..
#.......# #.#
#.....).###.###
#.............#
#.#).)..###.#.#
#.#...$)# #.#
#.#.###.###{#
#..## ##.J@.#
#...###.#####
#....#.##
#...#.##
#...#.# #...#.#
#.....# ##..###
###..#


You could see an endoplasm.

Vanquished Creatures
  Robin (D:1)
  2 adders (D:3)
  2 dart slugs (D:2)
  4 orcs (D:3)
  4 ball pythons (D:2)
  5 bats
  5 endoplasms
  2 giant cockroaches
  10 goblins
  14 hobgoblins
  3 quokkas
  3 frilled lizards
  5 kobolds (D:2)
  12 rats
72 creatures vanquished.

Vanquished Creatures (others)
  2 fungi (D:2)
  4 plants (D:2)
6 creatures vanquished.

Grand Total: 78 creatures vanquished

Notes
Turn   | Place    | Note
-------+----------+-------------------------------------------
     0 | D:1      | Newt the Demonspawn Gladiator began the quest for the Orb.
     0 | D:1      | Reached XP level 1. HP: 16/16 MP: 1/1
   190 | D:1      | Reached skill level 1 in Stealth
   294 | D:1      | Gained mutation: Your demonic aura sometimes causes spilled
                  | blood to erupt in flames. [demonic ancestry]
   294 | D:1      | Reached XP level 2. HP: 15/22 MP: 2/2
  1049 | D:2      | Noticed Robin
  1084 | D:1      | Killed Robin
  1085 | D:1      | Reached XP level 3. HP: 5/28 MP: 1/3
  1314 | D:2      | Reached skill level 3 in Fighting
  1525 | D:2      | Found a faded altar of an unknown god.
  1560 | D:2      | Prayed at the altar of an unknown god.
  1560 | D:2      | Became a worshipper of Dithmenos the Shadowed
  1560 | D:2      | Reached * piety under Dithmenos
  1845 | D:2      | Reached XP level 4. HP: 37/37 MP: 4/4
  2079 | D:2      | Found a snail-covered altar of Cheibriados.
  2360 | D:3      | Reached skill level 4 in Fighting
  2469 | D:3      | Reached ** piety under Dithmenos
  2751 | D:3      | HP: 1/37 [orc/+0 flail (6)]
  2776 | D:3      | Killed from afar by an orc wizard

Illustrated notes

Levels and vault maps discovered:
D:1:      onia_arrival_mini_maze, layout_loops_corners, minivault_24, hex_large
D:2:      minmay_general_purpose_star, layout_basic, basic_altar, serial_forest,
          infiniplex_forest_straight_4, infiniplex_forest_join,
          infiniplex_forest_lined_2, infiniplex_forest_clump_large,
          infiniplex_forest_lined_room_2, infiniplex_forest_lined_2,
          shapermc_ecumenical_altar_mp_ritualfount, minmay_circle_x, uniq_robin
D:3:      minmay_chambers_of_threes, layout_loops_ring

Skill      XL: |  1  2  3  4 |
---------------+-------------+-----
Stealth        | 1 2 |  2.7
Fighting       | 3 4 |  4.0
Short Blades   | |  2.6
Throwing       | |  1.7
Dodging        | |  2.6

Action                   |  1- 3 |  4- 6 || total
-------------------------+-------+-------++-------
Melee: Rapier            |   161 |   104 ||   265
Throw: Throwing net      |     2 |       ||     2
  Use: Scroll            |     3 |     4 ||     7
       Potion            |       |     2 ||     2
 Stab: Sleeping          |     5 |     2 ||     7
Armor: Leather armour    |    49 |    43 ||    92
Dodge: Dodged            |   111 |    92 ||   203
Block: Buckler           |       |    13 ||    13

Table legend: (Time is in decaauts)
 A = Elapsed time spent in this place.
 B = Non-inter-level travel time spent in this place.
 C = Inter-level travel time spent in this place.
 D = Time resting spent in this place.
 E = Time spent auto-exploring this place.
 F = Levels seen in this place.
 G = Mean time per level.
                   A        B        C        D        E       F      G
               +--------+--------+--------+--------+--------+-----+--------+
         Total |   2796 |   2723 |     73 |    259 |   1841 |   3 |  932.0 |
       Dungeon |   2796 |   2723 |     73 |    259 |   1841 |   3 |  932.0 |
               +--------+--------+--------+--------+--------+-----+--------+

Top non-repeatable levels by time:
     D:1: 1253 daAuts
     D:2: 1117 daAuts
     D:3: 426 daAuts
